 Dungeon Crawl Stone Soup version 0.27-a0-1147-gb3d8e82157 (webtiles) character file.

Game seed: 1541964164850437115

90 bilbop the Stinger (level 4, -1/32 HPs)
             Began as a Demonspawn Venom Mage on May 12, 2021.
             Was an Initiate of Yredelemnul.
             Slain by a water moccasin skeleton (4 damage)
             ... on level 4 of the Dungeon.
             The game lasted 00:19:29 (2966 turns).

bilbop the Stinger (Demonspawn Venom Mage)          Turns: 2966, Time: 00:19:30

Health: -1/32      AC:  3    Str:  8    XL:     4   Next: 32%
Magic:  3/7        EV: 12    Int: 16    God:    Yredelemnul [......]
Gold:   76         SH:  0    Dex: 15    Spells: 5/8 levels left

rFire    . . .     SeeInvis .   b - +0 dagger
rCold    . . .     Faith    .   (no shield)
rNeg     . . .     Spirit   .   a - +0 robe
rPois    .         Reflect  .   (no helmet)
rElec    .         Harm     .   (no cloak)
rCorr    .         Rampage  .   (no gloves)
Will     .....                  (no boots)
Stlth    ++........             (no amulet)
HPRegen  0.10/turn              n - ring of flight
MPRegen  0.10/turn              (no ring)

@: flying
A: talons 1, rugged brown scales 1
a: Renounce Religion


You were on level 4 of the Dungeon.
You worshipped Yredelemnul.
Yredelemnul was noncommittal.
You visited 1 branch of the dungeon, and saw 4 of its levels.

You collected 76 gold pieces.

Inventory:

Hand Weapons
 b - a +0 dagger (weapon)
Armour
 a - a +0 robe (worn)
 l - a +0 buckler
Jewellery
 n - a ring of flight (left hand)
Scrolls
 c - a scroll of fear {unknown}
 e - 3 scrolls of identify {unknown}
 h - a scroll of acquirement {unknown}
 i - a scroll of enchant weapon {unknown}
 j - a scroll of magic mapping {unknown}
 m - a scroll of enchant armour {unknown}
Potions
 d - 2 potions of flight {unknown}
 f - a potion of degeneration {unknown}
 g - a potion of heal wounds {unknown}
 k - 2 potions of cancellation {unknown}


   Skills:
 + Level 1.1 Fighting
 + Level 1.1 Short Blades
 - Level 1.8 Dodging
 + Level 2.4 Stealth
 + Level 2.6 Spellcasting
 + Level 1.6 Transmutations
 + Level 3.4 Poison Magic
 + Level 0.0 Invocations


You had 5 spell levels left.
You knew the following spells:

 Your Spells              Type           Power      Damage    Failure   Level
a - Sting                 Tmut/Pois      40%        1d5       7%          1
b - Poisonous Vapours     Pois/Air       14%        N/A       14%         2

Your spell library contained the following spells:

 Spells                   Type           Power      Damage    Failure   Level
 Ignite Poison            Fire/Tmut/Pois 7%         N/A       28%         3
 Mephitic Cloud           Conj/Pois/Air  5%         N/A       36%         3
 Olgreb's Toxic Radiance  Pois           13%        N/A       43%         4


Dungeon Overview and Level Annotations

Branches:
Dungeon (4/15)
 Temple: D:4-7

Altars:
Yredelemnul

Shops:
D:1 *

Annotations:
D:3 Grinder


Innate Abilities, Weirdness & Mutations

You have sharp toenails.
You are partially covered in rugged brown scales. (AC +1, +3% HP)


Message History

Press: ? - help, Q - select action, (/) - cycle Shift-Dir - straight line, f/p - water moccasin skeleton
Aim: a water moccasin skeleton (moderately damaged, 79% to hit)
The sting hits the water moccasin skeleton.
The water moccasin skeleton partially resists.
The water moccasin skeleton is moderately damaged.
The water moccasin skeleton closely misses you.
Casting: Sting (safe; 7% risk of failure)
Confirm with . or Enter, or press ? or * to list all spells.
Okay, then.
You hit the water moccasin skeleton. You claw the water moccasin skeleton.
The water moccasin skeleton is heavily damaged.
The water moccasin skeleton barely misses you.
The water moccasin skeleton bites you.
* * * LOW HITPOINT WARNING * * *
You hit the water moccasin skeleton. You claw the water moccasin skeleton.
The water moccasin skeleton is severely damaged.
The water moccasin skeleton misses you.
You barely miss the water moccasin skeleton.
You claw the water moccasin skeleton.
The water moccasin skeleton is severely damaged.
The water moccasin skeleton closely misses you.
You hit the water moccasin skeleton.
The water moccasin skeleton is almost destroyed.
The water moccasin skeleton barely misses you.
You barely miss the water moccasin skeleton.
The water moccasin skeleton is almost destroyed.
The water moccasin skeleton bites you.
* * * LOW HITPOINT WARNING * * *
You hit the water moccasin skeleton.
The water moccasin skeleton is almost destroyed.
The water moccasin skeleton barely misses you.
You hit the water moccasin skeleton but do no damage.
The water moccasin skeleton is almost destroyed.
The water moccasin skeleton completely misses you.
You hit the water moccasin skeleton but do no damage.
Your kick misses the water moccasin skeleton.
The water moccasin skeleton is almost destroyed.
The water moccasin skeleton bites you.
You die...
Your body rises from the dead as a mindless zombie.

#..........#######
.......
#..........'.>....
..o....
#..........#######
....... #..........#
....... #..........#
....... #..........#
......( #..........#
.......####..........#
..........Z@.........#
........###.....>....#
........# #.........
........# ###......
........# ......
........# ##+###
#########


You could see a water moccasin skeleton.

Vanquished Creatures
  A hound zombie (D:3)
  An adder (D:3)
  A shadow imp (D:2)
  A worm (D:2)
  2 dart slugs
  4 ball pythons
  An endoplasm (D:1)
  3 giant cockroaches
  6 goblins
  8 hobgoblins
  2 jackals (D:1)
  3 quokkas
  A ball python zombie (D:3)
  2 frilled lizards (D:1)
  6 kobolds
  4 rats
46 creatures vanquished.

Vanquished Creatures (others)
  A plant (D:1)
1 creature vanquished.

Grand Total: 47 creatures vanquished

Notes
Turn   | Place    | Note
-------+----------+-------------------------------------------
     0 | D:1      | bilbop the Demonspawn Venom Mage began the quest for the
                  | Orb.
     0 | D:1      | Reached XP level 1. HP: 13/13 MP: 3/3
    34 | D:1      | Reached skill level 1 in Transmutations
   136 | D:1      | Gained mutation: You are partially covered in rugged brown
                  | scales. (AC +1, +3% HP) [demonic ancestry]
   136 | D:1      | Reached XP level 2. HP: 13/19 MP: 0/5
   608 | D:1      | Found Aluvaek's Assorted Antiques.
   754 | D:1      | Found a faded altar of an unknown god.
  1123 | D:1      | Gained mutation: You have sharp toenails. [demonic
                  | ancestry]
  1123 | D:1      | Reached XP level 3. HP: 25/25 MP: 3/6
  1771 | D:2      | Reached skill level 1 in Short Blades
  2012 | D:2      | Learned a level 2 spell: Poisonous Vapours
  2119 | D:3      | Noticed Grinder
  2142 | D:3      | Reached skill level 1 in Fighting
  2142 | D:3      | Reached XP level 4. HP: 30/32 MP: 3/7
  2501 | D:3      | Found a basalt altar of Yredelemnul.
  2606 | D:3      | Became a worshipper of Yredelemnul the Dark
  2966 | D:4      | Slain by a water moccasin skeleton

Illustrated notes

Levels and vault maps discovered:
D:1:      lightli_arrival_chessboard, layout_basic,
          ebering_ecumenical_altar_webs, serial_shops,
          nicolae_shop_overgrown_old_shop, minivault_19, minmay_tiny_reverse_x
D:2:      layout_rooms, nrook_mini_backslash, roderic_serpentine_path,
          minmay_misc_feat_tower
D:3:      layout_basic, lemuel_zombie_altar_yredelemnul, minmay_misc_feat_five,
          minmay_quadrilaterals, uniq_grinder
D:4:      layout_basic, minmay_temple_entry_glassed_door

Skill      XL: |  1  2  3 |
---------------+----------+-----
Transmutations | 1 |  1.6
Stealth        | 2 |  2.4
Short Blades   | 1 |  1.1
Fighting       | 1 |  1.1
Dodging        | |  1.8
Spellcasting   | |  2.6
Poison Magic   | |  3.4

Action                   |  1- 3 |  4- 6 || total
-------------------------+-------+-------++-------
Melee: Dagger            |    59 |    30 ||    89
       Kick              |     4 |     9 ||    13
 Cast: Sting             |    54 |    12 ||    66
 Stab: Sleeping          |     6 |     1 ||     7
Armor: Robe              |    15 |     5 ||    20
Dodge: Dodged            |    35 |    19 ||    54

Table legend: (Time is in decaauts)
 A = Elapsed time spent in this place.
 B = Non-inter-level travel time spent in this place.
 C = Inter-level travel time spent in this place.
 D = Time resting spent in this place.
 E = Time spent auto-exploring this place.
 F = Levels seen in this place.
 G = Mean time per level.
                   A        B        C        D        E       F      G
               +--------+--------+--------+--------+--------+-----+--------+
         Total |   2961 |   2588 |    373 |    577 |   1628 |   4 |  740.2 |
       Dungeon |   2961 |   2588 |    373 |    577 |   1628 |   4 |  740.2 |
               +--------+--------+--------+--------+--------+-----+--------+

Top non-repeatable levels by time:
     D:1: 1204 daAuts
     D:2: 805 daAuts
     D:3: 677 daAuts
     D:4: 272 daAuts
